 Dungeon Crawl Stone Soup version 0.29.1-15-g9cfb28693d (webtiles) character file.

Game seed: 11378194452933005144

7485 eddybrass the Cleaver (level 11, 0/97 HPs)
             Began as a Hill Orc Fighter on Apr 5, 2023.
             Slain by Snorg (22 damage)
             ... on level 11 of the Dungeon.
             The game lasted 00:21:26 (11344 turns).

eddybrass the Cleaver (Hill Orc Fighter)           Turns: 11344, Time: 00:21:27

Health: 0/97       AC: 17    Str: 24    XL:     11   Next: 16%
Magic:  21/21      EV:  7    Int: 13    God:
Gold:   466        SH:  5    Dex: 10    Spells: 10/10 levels left

rFire   . . .      SeeInvis .   E - +4 hand axe (freeze)
rCold   . . .      Faith    .   c - +0 buckler
rNeg    . . .      Spirit   .   k - +0 plate armour
rPois   .          Reflect  .   B - +3 hat of Pondering {ponderous, Will+ MP+10 Int+5}
rElec   .          Harm     .   (no cloak)
rCorr   .          Rampage  .   (no gloves)
Will    +....                   (no boots)
Stlth   ..........              m - amulet of the acrobat
HPRegen 0.26/turn               (no ring)
MPRegen 0.17/turn               (no ring)

@: slow
A: no striking features
a: no special abilities


You were on level 11 of the Dungeon.
You visited 1 branch of the dungeon, and saw 12 of its levels.

You collected 658 gold pieces.
You spent 192 gold pieces at shops.

Inventory:

Hand Weapons
 a - a +0 war axe
 b - a +4 mace
 u - a +1 vorpal dire flail
 E - a +4 hand axe of freezing (weapon)
Missiles
 x - a throwing net (quivered)
Armour
 c - a +0 buckler (worn)
 k - a +0 plate armour (worn)
 B - the +3 hat of Pondering (worn) {ponderous, Will+ MP+10 Int+5}
   (You took it off Gastronok on level 8 of the Dungeon)

   Int:       It affects your intelligence (+5).
   MP:        It affects your magic capacity (+10).
   Will:      It increases your willpower.
Jewellery
 m - an amulet of the acrobat (around neck)
 r - a ring of flight
 v - a ring of see invisible
 F - a ring of resist corrosion
Wands
 p - a wand of light (4)
 s - a wand of charming (12)
 w - a wand of flame (24)
 y - a wand of digging (7)
Scrolls
 f - 3 scrolls of teleportation
 g - a scroll of summoning
 h - 2 scrolls of magic mapping
 l - a scroll of silence
 n - a scroll of fear
 q - a scroll of acquirement
Potions
 d - 2 potions of might
 e - a potion of mutation
 i - a potion of lignification
 j - a potion of curing
 o - a potion of berserk rage
 t - a potion of magic
 z - a potion of attraction {unknown}
 A - 3 potions of brilliance
 D - a potion of degeneration {unknown}


   Skills:
 + Level 9.2 Fighting
 + Level 14.7 Axes
 + Level 10.5 Armour
 + Level 1.2 Dodging
 + Level 0.7 Stealth
 + Level 5.9 Shields


You had 10 spell levels left.
You didn't know any spells.
Your spell library contained the following spells:

 Spells                   Type           Power      Damage    Failure   Level
 Magic Dart               Conj           0%         1d3       99%         1
 Slow                     Hex            0%         N/A       99%         1
 Sting                    Tmut/Pois      0%         1d3       99%         1
 Searing Ray              Conj           0%         2d4       100%        2
 Confusing Touch          Hex            0%         N/A       100%        3
 Vampiric Draining        Necr           0%         2d6       100%        3
 Cause Fear               Hex            0%         N/A       100%        4
 Corpse Rot               Necr/Pois/Air  0%         N/A       100%        4
 Dispel Undead            Necr           0%         3d6       100%        4
 Fulminant Prism          Conj/Hex       0%         3d6       100%        4
 Iskenderun's Mystic Bla  Conj/Tloc      0%         2d3       100%        4
 Lee's Rapid Deconstruct  Erth           0%         3d5*      100%        5
 Death Channel            Necr           0%         N/A       100%        6
 Iron Shot                Conj/Erth      0%         9d1       100%        6
 Statue Form              Tmut/Erth      0%         N/A       100%        6
 Dragon Form              Tmut           0%         N/A       100%        7
 Storm Form               Tmut/Air       0%         N/A       100%        7
 Dragon's Call            Summ           0%         N/A       100%        9


Dungeon Overview and Level Annotations

Branches:
Dungeon (12/15)            Temple (0/1) D:7            Lair (0/5) D:9
    Orc: D:9-12

Altars:
Cheibriados
Gozag
Kikubaaqudgha
Makhleb
Xom
Zin

Shops:
D:4 *   D:6 ?

Annotations:
D:6 3 runed translucent doors, raph's ghost, novice MfGl
D:11 Snorg
D:12 Lodul


Message History

The splash of acid hits you but does no damage.
You slash the acid dragon! You freeze the acid dragon.
The acid dragon is severely wounded.
You slash the acid dragon! You freeze the acid dragon.
You kill the acid dragon!
No target in view!
Snorg the Insatiable comes into view.
There is a stone staircase leading down here.
Snorg goes berserk!
You climb downwards.
Lodul shouts!
The ogre shouts! x5; You hear a shout!
Found 2 stones and a ring mail.
Found a stone staircase leading up.
There is a stone staircase leading up here.
You block Snorg's attack. Snorg completely misses you.
Snorg claws you but does no damage. Snorg closely misses you.
Snorg claws you but does no damage. Snorg claws you!
You climb upwards.
There is a stone staircase leading down here.
You slash Snorg! You freeze Snorg.
Snorg is lightly wounded.
Snorg bites you but does no damage. Snorg claws you! x2
* * * LOW HITPOINT WARNING * * *
You slash Snorg! You freeze Snorg.
Snorg is lightly wounded.
Snorg bites you but does no damage. You block Snorg's attack.
Snorg barely misses you.
You slash Snorg! You freeze Snorg.
Snorg is moderately wounded.
You block Snorg's attack. Snorg misses you. You block Snorg's attack.
You slice Snorg!! You freeze Snorg.
Snorg is heavily wounded.
Snorg bites you.
* * * LOW HITPOINT WARNING * * *
Snorg claws you.
* * * LOW HITPOINT WARNING * * *
Snorg barely misses you.
You hit Snorg. You freeze Snorg.
Snorg is heavily wounded.
Snorg bites you!!
You die...

.........#
.........#######.
.................
..........#+#####
..........#
###......#
+......#
+....T.#####
#...@.......
#...........
+...........
#...........
#...........
............
.............
##############


You could see Snorg (berserk).

Vanquished Creatures
  Gastronok (D:8)
  Pikel (D:8)
  Maggie (D:6)
  A troll (D:9)
  A hornet (D:9)
  9 yaks
  2 steam dragons
  2 acid dragons
  2 water moccasins
  An orc warrior (D:9)
  A sky beast (D:6)
  2 black bears
  2 wolves (D:9)
  An ogre (D:5)
  3 centaurs
  2 lemures (D:8)
  A bullfrog (D:9)
  2 kobold brigands (D:9)
  A gnoll sergeant (D:6)
  4 scorpions
  8 wights
  The ghost of Bordeaux the Trooper, a weakling MiFi of Trog (D:4)
  3 killer bees (D:9)
  2 howler monkeys
  7 orc priests
  A jelly (D:4)
  8 hounds
  4 iguanas (D:5)
  10 orc wizards
  A scorpion zombie (D:3)
  A hound skeleton (D:3)
  8 gnolls
  7 adders
  2 shadow imps
  A white imp (D:7)
  2 ufetubi
  An adder zombie (D:3)
  2 worms (D:2)
  6 dart slugs
  37 orcs
  7 bats
  8 endoplasms
  4 giant cockroaches
  9 goblins
  7 hobgoblins
  3 jackals (D:4)
  A quokka (D:4)
  4 ball pythons
  A ball python skeleton (D:3)
  3 frilled lizards
  19 kobolds
  5 rats
223 creatures vanquished.

Vanquished Creatures (collateral kills)
  A killer bee (D:7)
1 creature vanquished.

Vanquished Creatures (others)
  An orc wizard (D:6)
  An orc (D:8)
  A withered plant (D:3)
3 creatures vanquished.

Grand Total: 227 creatures vanquished

Notes
Turn   | Place    | Note
-------+----------+-------------------------------------------
     0 | D:1      | eddybrass the Hill Orc Fighter began the quest for the Orb.
     0 | D:1      | Reached XP level 1. HP: 19/19 MP: 1/1
   135 | D:1      | Reached XP level 2. HP: 27/27 MP: 2/2
   187 | D:1      | Found a faded altar of an unknown god.
   206 | D:1      | Reached skill level 3 in Axes
   347 | D:1      | Reached XP level 3. HP: 25/33 MP: 3/3
   931 | D:2      | Reached skill level 4 in Axes
   942 | D:2      | Reached XP level 4. HP: 21/41 MP: 4/4
  1608 | D:2      | You fall into a shaft and drop 1 floor!
  1707 | D:3      | Reached XP level 5. HP: 36/47 MP: 5/5
  1781 | D:3      | Reached skill level 5 in Axes
  2159 | D:3      | Reached XP level 6. HP: 33/53 MP: 6/6
  2684 | D:4      | Found a large runed translucent door.
  2684 | D:4      | Found a large runed translucent door.
  2703 | D:4      | Reached skill level 6 in Axes
  3152 | D:4      | Reached skill level 5 in Fighting
  3271 | D:4      | Found a burning altar of Makhleb.
  3372 | D:4      | Found Nablao's General Store.
  3375 | D:4      | Bought a scroll of identify for 24 gold pieces
  3375 | D:4      | Bought a potion of curing for 36 gold pieces
  3375 | D:4      | Bought a scroll of fear for 48 gold pieces
  3395 | D:4      | Noticed Bordeaux's ghost (weakling MiFi)
  3463 | D:4      | Killed Bordeaux's ghost
  3464 | D:4      | Reached skill level 5 in Armour
  3464 | D:4      | Reached XP level 7. HP: 44/61 MP: 7/7
  3493 | D:5      | Entered Level 5 of the Dungeon
  3856 | D:5      | Reached skill level 7 in Axes
  4202 | D:5      | Reached skill level 8 in Axes
  4202 | D:5      | Reached XP level 8. HP: 53/70 MP: 8/8
  4438 | D:5      | Reached skill level 1 in Dodging
  4903 | D:6      | Found a runed translucent gate.
  4903 | D:6      | Found a runed translucent gate.
  4903 | D:6      | Found a runed translucent gate.
  4905 | D:6      | Found an opulent altar of Gozag.
  5036 | D:6      | Found Asa Ufagg's Magic Scroll Emporium.
  5052 | D:6      | Reached skill level 9 in Axes
  5086 | D:6      | Bought a scroll of identify for 28 gold pieces
  5086 | D:6      | Bought a scroll of identify for 28 gold pieces
  5086 | D:6      | Bought a scroll of identify for 28 gold pieces
  5088 | D:6      | Identified a scroll of acquirement
  5479 | D:6      | Reached skill level 10 in Axes
  5486 | D:6      | Reached XP level 9. HP: 56/78 MP: 9/9
  5703 | D:6      | Found a snail-covered altar of Cheibriados.
  5729 | D:6      | Noticed Maggie
  5743 | D:6      | HP: 3/79 [Maggie/+4 halberd of venom (6)]
  5747 | D:6      | Killed Maggie
  6089 | D:6      | Got the Almanac of Geological Transmutation
  6762 | D:6      | Noticed raph's ghost (novice MfGl)
  6884 | D:7      | Found a staircase to the Ecumenical Temple.
  7121 | D:7      | Reached skill level 11 in Axes
  7151 | D:7      | You fall into a shaft and drop 2 floors!
  7388 | D:8      | Noticed Gastronok
  7416 | D:8      | Killed Gastronok
  7417 | D:8      | Reached skill level 12 in Axes
  7417 | D:8      | Reached skill level 5 in Shields
  7417 | D:8      | Reached XP level 10. HP: 14/88 MP: 10/10
  7809 | D:8      | Found a glowing silver altar of Zin.
  7820 | D:8      | Noticed Pikel
  7838 | D:8      | Killed Pikel
  8047 | D:8      | Found a shimmering altar of Xom.
  8289 | D:8      | Reached skill level 13 in Axes
  8555 | D:8      | Noticed a manticore
  8573 | D:8      | HP: 2/90 [electric eel/bolt of electricity (4)]
  9215 | D:9      | Reached skill level 10 in Armour
  9331 | D:9      | Reached skill level 14 in Axes
  9338 | D:9      | Found a staircase to the Lair.
 10290 | D:9      | Reached XP level 11. HP: 71/95 MP: 11/11
 10527 | D:9      | Paralysed by a hornet for 1 turns
 10763 | D:10     | Entered Level 10 of the Dungeon
 11150 | D:10     | Found an ancient bone altar of Kikubaaqudgha.
 11311 | D:10     | You fall into a shaft and drop 1 floor!
 11330 | D:11     | Noticed Snorg
 11337 | D:12     | Noticed Lodul
 11337 | D:12     | Noticed a six-headed hydra
 11344 | D:11     | Slain by Snorg

Illustrated notes

Levels and vault maps discovered:
D:1:      dpeg_arrival_pits, layout_basic, chequers_ecumenical_altar_simple
D:2:      layout_rooms
D:3:      layout_rooms, serial_undead, serial_undead_f, serial_undead_c,
          serial_undead_e, serial_undead_b, serial_undead_b, serial_undead_e
D:4:      layout_cave_pools, lightli_temple_of_fire,
          ebering_ghost_disaster_area, serial_shops, kennysheep_mini_moat
D:5:      layout_basic
D:6:      layout_basic, cheibriados_altar_1, serial_shops, shop,
          ebering_ghost_gozag, uniq_maggie
D:7:      layout_loops_ring, minmay_temple_entry_slanted
D:8:      layout_basic, general_overflow_altar, amcnicky_altar_gilded,
          kennysheep_island_fort, uniq_gastronok, uniq_pikel
D:9:      layout_basic, erik_lair_island
D:10:     layout_layer_cave, gammafunk_temple_overflow_elements,
          mainiacjoe_overflow_catwalk_spiral
D:11:     layout_irregular_city, serial_shops, nicolae_shop_waterfront,
          uniq_fannar, uniq_snorg
D:12:     layout_rooms, zombieorc2_lemuel, minmay_misc_feat_hallway, uniq_lodul

Skill      XL: |  1  2  3  4  5  6  7  8  9 10 11 |
---------------+----------------------------------+-----
Axes           | 3 4 5 6 8 10 12 14 | 14.7
Fighting       | 4 5 6 8 9 |  9.2
Armour         | 4 5 6 9 10 | 10.5
Shields        | 4 5 |  5.9
Dodging        | 1 |  1.2
Stealth        | |  0.7

Action                   |  1- 3 |  4- 6 |  7- 9 | 10-12 || total
-------------------------+-------+-------+-------+-------++-------
Melee: War axe           |    69 |   169 |   298 |   242 ||   778
       Hand axe          |       |       |       |    82 ||    82
  Use: Scroll            |     3 |     3 |    10 |     5 ||    21
       Potion            |       |     1 |     5 |     2 ||     8
Armor: Scale mail        |    28 |    53 |       |       ||    81
       Plate armour      |       |    39 |   170 |   135 ||   344
Dodge: Dodged            |    28 |    62 |   112 |   119 ||   321
Block: Buckler           |    14 |    50 |    55 |    61 ||   180
